| TOP OF THE 1ST |
|
Cincinnati (NYP) Reds batting - Pitching for Brooklyn Cyclones : LHP Steve Kelly
|
|
Pitching: LHP Steve Kelly
|
|
|
Batting: SHB Bryan Johnston
|
0-0: Called Strike 0-1: Ball 1-1: Foul Ball, location: 2F 1-2: Ball 2-2: SINGLE (Groundball, 56D, EV 105.6 MPH)
|
|
Batting: LHB Fernando Gomez
|
0-0: Ball Bryan Johnston steals 2nd base (no throw) 1-0: Fly out, F6 (Popup, 5DF, EV 48.1 MPH)
|
|
Batting: RHB Ricky Carbajal
|
0-0: Called Strike 0-1: Called Strike 0-2: Ground out 4-3 (Groundball, 4, EV 101.2 MPH) Bryan Johnston to third
|
|
Batting: RHB Jamie Ingram
|
0-0: Swinging Strike 0-1: Called Strike 0-2: Strikes out swinging
|
| Top of the 1st over - 0 runs, 1 hit, 0 errors, 1 left on base; Cincinnati (NYP) 0 - Brooklyn 0 |
| BOTTOM OF THE 1ST |
|
Brooklyn Cyclones batting - Pitching for Cincinnati (NYP) Reds : LHP Juan Garcia
|
|
Pitching: LHP Juan Garcia
|
|
|
Batting: LHB Jose Chavez
|
0-0: Called Strike 0-1: DOUBLE (Flyball, 8LXD, EV 103.1 MPH)
|
|
Batting: RHB Hyeok Kim
|
0-0: SINGLE (Groundball, 56, EV 99.4 MPH) Jose Chavez to third Runner from 3rd tries for Home, SAFE, throw by LF to home
|
|
Batting: LHB Victor Ferrermena
|
0-0: Ball 1-0: Ball 2-0: Swinging Strike 2-1: Swinging Strike 2-2: Ball 3-2: Fly out, F8 (Flyball, 8LD, EV 102.5 MPH)
|
|
Batting: RHB Tony Infante
|
0-0: Ball 1-0: Called Strike 1-1: Fly out, F8 (Flyball, 8LD, EV 93.8 MPH)
|
|
Batting: LHB Adam Barry
|
0-0: Ground out 4-3 (Groundball, 4, EV 90.6 MPH)
|
| Bottom of the 1st over - 1 run, 2 hits, 0 errors, 1 left on base; Cincinnati (NYP) 0 - Brooklyn 1 |
| TOP OF THE 2ND |
|
Cincinnati (NYP) Reds batting - Pitching for Brooklyn Cyclones : LHP Steve Kelly
|
|
Batting: RHB Kagetoki Kawai
|
0-0: Swinging Strike 0-1: Ball 1-1: Ground out 6-3 (Groundball, 6S, EV 66.9 MPH)
|
|
Batting: RHB Dave Ruiz
|
0-0: Called Strike 0-1: Ball 1-1: Ball 2-1: Ball 3-1: Base on Balls
|
|
Batting: RHB Bill Hainey
|
0-0: Called Strike 0-1: Foul Ball, location: 2F 0-2: Foul Ball, location: 2F 0-2: Fly out, F2 (Popup, 2R, EV 93.1 MPH)
|
|
Batting: RHB Felipe Pineda
|
0-0: Ball 1-0: Called Strike Dave Ruiz steals 2nd base 1-1: Called Strike 1-2: Strikes out looking
|
| Top of the 2nd over - 0 runs, 0 hits, 0 errors, 1 left on base; Cincinnati (NYP) 0 - Brooklyn 1 |
| BOTTOM OF THE 2ND |
|
Brooklyn Cyclones batting - Pitching for Cincinnati (NYP) Reds : LHP Juan Garcia
|
|
Batting: RHB Oscar Chairez
|
0-0: Ground out 6-3 (Groundball, 6, EV 87.5 MPH)
|
|
Batting: LHB Manny Caldera
|
0-0: Ball 1-0: Called Strike 1-1: Ball 2-1: Swinging Strike 2-2: Strikes out swinging
|
|
Batting: RHB Tony Oria
|
0-0: Ball 1-0: Called Strike 1-1: Foul Ball, location: 2F 1-2: Ball 2-2: Ball 3-2: Strikes out swinging
|
| Bottom of the 2nd over - 0 runs, 0 hits, 0 errors, 0 left on base; Cincinnati (NYP) 0 - Brooklyn 1 |
| TOP OF THE 3RD |
|
Cincinnati (NYP) Reds batting - Pitching for Brooklyn Cyclones : LHP Steve Kelly
|
|
Batting: RHB Chae-seong Lee
|
0-0: Ground out 5-3 (Groundball, 56S, EV 82.5 MPH)
|
|
Batting: SHB Bryan Johnston
|
0-0: Foul Ball, location: 2F 0-1: Swinging Strike 0-2: Ball 1-2: Foul Ball, location: 2F 1-2: Fly out, F7 (Line Drive, 7, EV 98.8 MPH)
|
|
Batting: LHB Fernando Gomez
|
0-0: Called Strike 0-1: Foul Ball, location: 2F 0-2: Ball 1-2: Ball 2-2: Strikes out swinging
|
| Top of the 3rd over - 0 runs, 0 hits, 0 errors, 0 left on base; Cincinnati (NYP) 0 - Brooklyn 1 |
| BOTTOM OF THE 3RD |
|
Brooklyn Cyclones batting - Pitching for Cincinnati (NYP) Reds : LHP Juan Garcia
|
|
Batting: RHB Jung-keun Bai
|
0-0: Ball 1-0: Ball 2-0: Fly out, F8 (Flyball, 8RD, EV 108.8 MPH)
|
|
Batting: LHB Jose Chavez
|
0-0: Ground out 4-3 (Groundball, 34D, EV 104.4 MPH)
|
|
Batting: RHB Hyeok Kim
|
0-0: Ball 1-0: Ball 2-0: Ground out 5-3 (Groundball, 56S, EV 85.0 MPH)
|
| Bottom of the 3rd over - 0 runs, 0 hits, 0 errors, 0 left on base; Cincinnati (NYP) 0 - Brooklyn 1 |
| TOP OF THE 4TH |
|
Cincinnati (NYP) Reds batting - Pitching for Brooklyn Cyclones : LHP Steve Kelly
|
|
Batting: RHB Ricky Carbajal
|
0-0: Ball 1-0: Ball 2-0: Ground out 5-3 (Groundball, 5, EV 84.4 MPH)
|
|
Batting: RHB Jamie Ingram
|
0-0: Called Strike 0-1: Ball 1-1: Fly out, F9 (Flyball, 9LM, EV 85.0 MPH)
|
|
Batting: RHB Kagetoki Kawai
|
0-0: Ball 1-0: Swinging Strike 1-1: Foul Ball, location: 2F 1-2: Ball 2-2: SINGLE (Groundball, 5S, EV 68.8 MPH) (infield hit)
|
|
Batting: RHB Dave Ruiz
|
0-0: Ball Kagetoki Kawai is caught stealing 2nd base 2-4
|
| Top of the 4th over - 0 runs, 1 hit, 0 errors, 0 left on base; Cincinnati (NYP) 0 - Brooklyn 1 |
| BOTTOM OF THE 4TH |
|
Brooklyn Cyclones batting - Pitching for Cincinnati (NYP) Reds : LHP Juan Garcia
|
|
Batting: LHB Victor Ferrermena
|
0-0: Ball 1-0: Foul Ball, location: 2F 1-1: Swinging Strike 1-2: Foul Ball, location: 2F 1-2: Ball 2-2: Strikes out looking
|
|
Batting: RHB Tony Infante
|
0-0: Foul Ball, location: 2F 0-1: Ball 1-1: Swinging Strike 1-2: Ball 2-2: Foul Ball, location: 2F 2-2: Strikes out swinging
|
|
Batting: LHB Adam Barry
|
0-0: Ball 1-0: Ball 2-0: Ground out 1-3 (Groundball, 15S, EV 65.6 MPH)
|
| Bottom of the 4th over - 0 runs, 0 hits, 0 errors, 0 left on base; Cincinnati (NYP) 0 - Brooklyn 1 |
| TOP OF THE 5TH |
|
Cincinnati (NYP) Reds batting - Pitching for Brooklyn Cyclones : LHP Steve Kelly
|
|
Batting: RHB Dave Ruiz
|
0-0: Called Strike 0-1: Foul Ball, location: 2F 0-2: Ground out 6-3 (Groundball, 6, EV 81.9 MPH)
|
|
Batting: RHB Bill Hainey
|
0-0: Foul Ball, location: 2F 0-1: Ball 1-1: Ground out 5-3 (Groundball, 56, EV 95.0 MPH)
|
|
Batting: RHB Felipe Pineda
|
0-0: Ball 1-0: Ball 2-0: Ball 3-0: Base on Balls
|
|
Batting: RHB Chae-seong Lee
|
0-0: Called Strike 0-1: Fielders Choice at 2nd, 6-4 (Groundball, 6MD, EV 83.1 MPH)
|
| Top of the 5th over - 0 runs, 0 hits, 0 errors, 1 left on base; Cincinnati (NYP) 0 - Brooklyn 1 |
| BOTTOM OF THE 5TH |
|
Brooklyn Cyclones batting - Pitching for Cincinnati (NYP) Reds : LHP Juan Garcia
|
|
Batting: RHB Oscar Chairez
|
0-0: Fly out, F7 (Flyball, 78S, EV 90.0 MPH)
|
|
Batting: LHB Manny Caldera
|
0-0: Ball 1-0: Foul Ball, location: 2F 1-1: Ball 2-1: Fly out, F4 (Line Drive, 4, EV 71.9 MPH)
|
|
Batting: RHB Tony Oria
|
0-0: Ball 1-0: Foul Ball, location: 2F 1-1: Ground out 6-3 (Groundball, 6, EV 98.8 MPH)
|
| Bottom of the 5th over - 0 runs, 0 hits, 0 errors, 0 left on base; Cincinnati (NYP) 0 - Brooklyn 1 |
| TOP OF THE 6TH |
|
Cincinnati (NYP) Reds batting - Pitching for Brooklyn Cyclones : LHP Steve Kelly
|
|
Batting: SHB Bryan Johnston
|
0-0: Foul Ball, location: 2F 0-1: Fly out, F9 (Flyball, 89D, EV 110.6 MPH)
|
|
Batting: LHB Fernando Gomez
|
0-0: Ball 1-0: Ball 2-0: Called Strike 2-1: Swinging Strike 2-2: Ball 3-2: Foul Ball, location: 2F 3-2: Strikes out swinging
|
|
Batting: RHB Ricky Carbajal
|
0-0: Ball 1-0: Fly out, F6 (Popup, 6D, EV 67.5 MPH)
|
| Top of the 6th over - 0 runs, 0 hits, 0 errors, 0 left on base; Cincinnati (NYP) 0 - Brooklyn 1 |
| BOTTOM OF THE 6TH |
|
Brooklyn Cyclones batting - Pitching for Cincinnati (NYP) Reds : LHP Juan Garcia
|
|
Batting: RHB Jung-keun Bai
|
0-0: Called Strike 0-1: Ball 1-1: Ball 2-1: Ground out 4-3 (Groundball, 4, EV 89.4 MPH)
|
|
Batting: LHB Jose Chavez
|
0-0: SINGLE (Groundball, 4MD, EV 107.5 MPH)
|
|
Batting: RHB Hyeok Kim
|
0-0: Swinging Strike 0-1: Ball 1-1: Ball 2-1: Foul Ball, location: 2F 2-2: Ball Jose Chavez steals 2nd base 3-2: Base on Balls
|
|
Batting: LHB Victor Ferrermena
|
0-0: Ball 1-0: Foul Ball, location: 2F 1-1: Called Strike 1-2: Strikes out swinging
|
|
Batting: RHB Tony Infante
|
0-0: Ball 1-0: Called Strike Jose Chavez steals 3rd base 1-1: Ball 2-1: Foul Ball, location: 2F 2-2: Strikes out swinging
|
| Bottom of the 6th over - 0 runs, 1 hit, 0 errors, 2 left on base; Cincinnati (NYP) 0 - Brooklyn 1 |
| TOP OF THE 7TH |
|
Cincinnati (NYP) Reds batting - Pitching for Brooklyn Cyclones : LHP Steve Kelly
|
|
Batting: RHB Jamie Ingram
|
0-0: Foul Ball, location: 2F 0-1: Ball 1-1: Ground out 5-3 (Groundball, 56, EV 100.0 MPH)
|
|
Batting: RHB Kagetoki Kawai
|
0-0: Ball 1-0: Ball 2-0: Foul Ball, location: 2F 2-1: Ball 3-1: Base on Balls
|
|
Batting: RHB Dave Ruiz
|
0-0: Ball 1-0: Called Strike 1-1: Foul Ball, location: 2F 1-2: Ball Kagetoki Kawai steals 2nd base 2-2: Ground out 4-3 (Groundball, 4, EV 91.9 MPH) Kagetoki Kawai to third
|
|
Batting: RHB Bill Hainey
|
0-0: Ball 1-0: SINGLE (Groundball, 6M, EV 96.9 MPH) (infield hit) Kagetoki Kawai scores
|
|
Batting: RHB Felipe Pineda
|
0-0: Ball 1-0: Swinging Strike 1-1: Called Strike 1-2: Ball 2-2: Strikes out swinging
|
| Top of the 7th over - 1 run, 1 hit, 0 errors, 1 left on base; Cincinnati (NYP) 1 - Brooklyn 1 |
| BOTTOM OF THE 7TH |
|
Brooklyn Cyclones batting - Pitching for Cincinnati (NYP) Reds : LHP Juan Garcia
|
|
Batting: LHB Adam Barry
|
0-0: Ball 1-0: Fly out, F9 (Flyball, 9D, EV 109.4 MPH)
|
|
Batting: RHB Oscar Chairez
|
0-0: Called Strike 0-1: Ball 1-1: Foul Ball, location: 2F 1-2: Ground out 5-3 (Groundball, 56, EV 90.6 MPH)
|
|
Batting: LHB Manny Caldera
|
0-0: Called Strike 0-1: Called Strike 0-2: Ball 1-2: Ball 2-2: Strikes out swinging
|
| Bottom of the 7th over - 0 runs, 0 hits, 0 errors, 0 left on base; Cincinnati (NYP) 1 - Brooklyn 1 |
| TOP OF THE 8TH |
|
Cincinnati (NYP) Reds batting - Pitching for Brooklyn Cyclones : LHP Steve Kelly
|
|
Pitching: RHP Jason Vulich
|
|
|
Batting: RHB Chae-seong Lee
|
0-0: Ball 1-0: Ball 2-0: Ball 3-0: Called Strike 3-1: Foul Ball, location: 2F 3-2: Fly out, F8 (Flyball, 8LD, EV 103.1 MPH)
|
|
Batting: SHB Bryan Johnston
|
0-0: Called Strike 0-1: Ball 1-1: Ball 2-1: Ball 3-1: Ground out 4-3 (Groundball, 4S, EV 90.6 MPH)
|
|
Batting: LHB Fernando Gomez
|
0-0: Ball 1-0: Ball 2-0: Ground out U3 (Groundball, 34, EV 79.4 MPH)
|
| Top of the 8th over - 0 runs, 0 hits, 0 errors, 0 left on base; Cincinnati (NYP) 1 - Brooklyn 1 |
| BOTTOM OF THE 8TH |
|
Brooklyn Cyclones batting - Pitching for Cincinnati (NYP) Reds : LHP Juan Garcia
|
|
Batting: RHB Tony Oria
|
0-0: Fly out, F8 (Flyball, 8RD, EV 103.1 MPH)
|
|
Batting: RHB Jung-keun Bai
|
0-0: Called Strike 0-1: Ball 1-1: Foul Ball, location: 2F 1-2: Strikes out swinging
|
|
Batting: LHB Jose Chavez
|
0-0: Called Strike 0-1: Ball 1-1: Called Strike 1-2: Ball 2-2: Strikes out swinging
|
| Bottom of the 8th over - 0 runs, 0 hits, 0 errors, 0 left on base; Cincinnati (NYP) 1 - Brooklyn 1 |
| TOP OF THE 9TH |
|
Cincinnati (NYP) Reds batting - Pitching for Brooklyn Cyclones : RHP Jason Vulich
|
|
Batting: RHB Ricky Carbajal
|
0-0: Called Strike 0-1: Ball 1-1: Foul Ball, location: 2F 1-2: Foul Ball, location: 2F 1-2: SOLO HOME RUN (Flyball, 7D, EV 102.5 MPH), Distance : 389 ft
|
|
Batting: RHB Jamie Ingram
|
0-0: Called Strike 0-1: Swinging Strike 0-2: Foul Ball, location: 2F 0-2: Ball 1-2: Strikes out swinging
|
|
Batting: RHB Kagetoki Kawai
|
0-0: Called Strike 0-1: Ball 1-1: Ball 2-1: Swinging Strike 2-2: Fly out, F8 (Flyball, 8LM, EV 95.6 MPH)
|
|
Batting: RHB Dave Ruiz
|
0-0: Called Strike 0-1: Swinging Strike 0-2: Ball 1-2: Ball 2-2: Ball 3-2: Foul Ball, location: 2F 3-2: Base on Balls
|
|
Batting: RHB Bill Hainey
|
0-0: Ball Dave Ruiz is caught stealing 2nd base 2-4
|
| Top of the 9th over - 1 run, 1 hit, 0 errors, 0 left on base; Cincinnati (NYP) 2 - Brooklyn 1 |
| BOTTOM OF THE 9TH |
|
Brooklyn Cyclones batting - Pitching for Cincinnati (NYP) Reds : LHP Juan Garcia
|
|
Pitching: RHP Giovonni Morgia
|
|
|
Batting: RHB Hyeok Kim
|
0-0: Foul Ball, location: 2F 0-1: Foul Ball, location: 2F 0-2: Foul Ball, location: 2F 0-2: Strikes out looking
|
|
Batting: LHB Victor Ferrermena
|
0-0: Foul Ball, location: 2F 0-1: Swinging Strike 0-2: Strikes out swinging
|
|
Batting: LHB Kodai Furuki
|
0-0: Ball 1-0: Ground out 5-3 (Groundball, 5, EV 105.6 MPH)
|
| Bottom of the 9th over - 0 runs, 0 hits, 0 errors, 0 left on base; Cincinnati (NYP) 2 - Brooklyn 1 |
|